 Dungeon Crawl Stone Soup version 0.20-a0-903-g7e3609c (webtiles) character file.

1 Rrauwl the Skirmisher (level 1, 8/18 HPs)
             Began as a Formicid Abyssal Knight on Mar 20, 2017.
             Was an Initiate of Lugonu.
             Got out of the dungeon alive.
             The game lasted 00:03:53 (167 turns).

Rrauwl the Skirmisher (Formicid Abyssal Knight)      Turns: 167, Time: 00:03:53

Health: 8/18       AC:  3    Str: 21    XL:     1   Next: 22%
Magic:  2/2        EV: 11    Int: 11    God:    Lugonu [......]
Gold:   0          SH:  0    Dex: 10    Spells: 0/0 levels left

rFire    . . .     SeeInvis +   e - +6 hand crossbow (flame)
rCold    . . .     Gourm    .   b - +0 leather armour
rNeg     . . .     Faith    .   (no shield)
rPois    .         Spirit   .   (helmet unavailable)
rElec    .         Reflect  .   (no cloak)
rCorr    .         Harm     .   (no gloves)
MR       .....                  (no boots)
Stlth    +.........             (no amulet)
Regen    0.1/turn               (no ring)
MPRegen  0.1/turn               (no ring)

@: mighty
A: permanent stasis, dig shafts and tunnels, four strong arms, antennae 3
a: Dig, Shaft Self, Renounce Religion


You escaped.
You worshipped Lugonu.
Lugonu was noncommittal.
You were not hungry.

You visited 1 branch of the dungeon, and saw 1 of its levels.
You visited the Abyss 1 time.

Inventory:

Hand Weapons
 a - a +1 mace
 e - a +6 hand crossbow of flaming (weapon)
 f - a +0 morningstar
Armour
 b - a +0 leather armour (worn)
 g - a +0 chain mail
Jewellery
 k - an uncursed amulet of rage
Comestibles
 c - a bread ration
 j - a royal jelly


   Skills:
 + Level 3.3 Fighting
 - Level 2.0 Maces & Flails
 + Level 0.2 Crossbows
 - Level 2.1 Armour
 - Level 0.8 Dodging
 - Level 2.1 Invocations


You couldn't memorise any spells.
You didn't know any spells.

Dungeon Overview and Level Annotations

Branches:
Dungeon (1/15)

Altars:


Innate Abilities, Weirdness & Mutations

You cannot be hasted, slowed, berserked, paralysed or teleported.
You can dig through walls and to a lower floor.
Your four strong arms can wield two-handed weapons with a shield.
You have a pair of large antennae on your head. (SInv)


Message History

Your bat hits the kobold but does no damage.
Your bat hits the kobold but does no damage.
Your bat hits the kobold but does no damage.
Your bat hits the kobold but does no damage.
The rat twitches its whiskers.
The gnoll closely misses your bat.
You see here a club.
Your bat closely misses the kobold.
Your bat barely misses the gnoll.
Your bat barely misses the kobold.
Your bat closely misses the kobold.
Your bat closely misses the goblin.
Your bat misses the kobold. Your bat hits the goblin.
Your bat closely misses the kobold.
Your bat hits the kobold but does no damage.
Your bat hits the kobold but does no damage.
Your bat hits the goblin.
Your bat dissolves into shadows!
There is a staircase leading out of the dungeon here.
Are you sure you want to leave the Dungeon?
This will make you lose the game! The goblin hits you but does no damage.
You have escaped!

≈≈≈≈≈≈≈≈≈≈≈≈≈≈≈
≈≈≈≈≈≈≈≈≈≈≈≈≈≈≈≈
≈≈≈≈≈≈≈≈≈≈≈.≈≈≈≈#
≈≈≈≈≈≈≈..≈...≈.≈#
≈≈≈≈≈≈≈≈≈≈≈.....#
≈≈≈≈≈≈≈≈≈......#
≈≈≈≈.≈.........#
≈≈≈≈≈≈≈@.......##
≈≈≈..≈Kg........#
≈≈.≈≈...........#
≈≈≈.......g.....##
≈≈≈......r.......######+
≈≈≈..............#......
≈≈≈≈....................
≈≈≈≈...................>
≈≈≈≈.###......).........


You could see a gnoll, a goblin, a kobold and a rat.

Vanquished Creatures (collateral kills)
  A goblin (D:1)
1 creature vanquished.

Notes
Turn   | Place    | Note
-------+----------+-------------------------------------------
     0 | Abyss:1  | Rrauwl the Formicid Abyssal Knight began the quest for the Orb.
     0 | Abyss:1  | Reached XP level 1. HP: 18/18 MP: 2/2
     5 | Abyss:1  | Found a corrupted altar of Lugonu.
   103 | Abyss:3  | Noticed a chaos spawn
   110 | Abyss:3  | Noticed a neqoxec
   111 | Abyss:3  | Noticed a neqoxec
   123 | Abyss:3  | Noticed a tentacled starspawn
   123 | Abyss:3  | Noticed a chaos spawn
   124 | Abyss:3  | Noticed an apocalypse crab
   124 | D:1      | Escaped the Abyss
   167 | D:$      | Got out of the dungeon alive.

Vault maps used:
D:1:      nicolae_arrival_washed_ashore
Abyss:3:  bh_abyss_exit_choice, evilmike_abyss_rune_siren_acolytes

Action                   || total
-------------------------++-------
Melee: Hand crossbow     ||     2
Invok: Depart the Abyss  ||     1
  Use: Scroll            ||     2
       Potion            ||     1
